 Dungeon Crawl Stone Soup version 0.30-a0-364-gf6b3ef1049 (webtiles) character file.

Game seed: 1063071623332837214

2367 mopl the Conjurer (level 9, -6/62 HPs)
             Began as a Grey Draconian Fire Elementalist on Nov 14, 2022.
             Was a Follower of Vehumet.
             Mangled by a two-headed ogre
             ... wielding a +0 giant club
              (22 damage)
             ... on level 7 of the Dungeon.
             The game lasted 00:09:30 (6775 turns).

mopl the Conjurer (DrFE)                            Turns: 6775, Time: 00:09:31

Health: -6/62      AC: 12    Str: 17    XL:     9   Next: 21%
Magic:  14/18      EV: 12    Int: 19    God:    Vehumet [*.....]
Gold:   303        SH:  5    Dex: 12    Spells: 2/20 levels left

rFire   + . .      SeeInvis .    a - staff of fire
rCold   . . .      Faith    .    (no shield)
rNeg    . . .      Spirit   .    (body armour unavailable)
rPois   .          Reflect  +    (helmet restricted)
rElec   .          Harm     .    (no cloak)
rCorr   .          Rampage  .    (no gloves)
Will    .....                    (no boots)
Stlth   ++........               E - amulet of reflection
HPRegen 0.30/turn                f - +6 ring of strength
MPRegen 0.16/turn                (no ring)

@: about to teleport, slowed, very slow
A: AC +12, amphibious, unfitting armour, cold-blooded
a: Renounce Religion


You were on level 7 of the Dungeon.
You worshipped Vehumet.
Vehumet was aware of your devotion.
You visited 2 branches of the dungeon, and saw 8 of its levels.

You collected 303 gold pieces.

Inventory:

Hand Weapons
 b - a +2 dagger of venom
Missiles
 e - a curare-tipped dart
 x - 16 poisoned darts
 y - 6 boomerangs
Armour
 r - a +2 kite shield of protection
Magical Staves
 a - a staff of fire (weapon)
 c - a staff of earth
 k - a staff of cold
 t - a staff of poison
Jewellery
 f - a +6 ring of strength (left hand)
 E - an amulet of reflection (around neck)
Scrolls
 g - a scroll of vulnerability {unknown}
 h - 3 scrolls of teleportation
 i - 2 scrolls of enchant weapon {unknown}
 j - 2 scrolls of butterflies {unknown}
 l - a scroll of brand weapon {unknown}
 o - a scroll of enchant armour {unknown}
 p - 3 scrolls of torment {unknown}
 u - 3 scrolls of blinking {unknown}
 w - 2 scrolls of noise {unknown}
 z - 2 scrolls of poison {unknown}
 A - a scroll of fear {unknown}
 B - a scroll of amnesia {unknown}
Potions
 d - 3 potions of might {unknown}
 m - 3 potions of curing {unknown}
 n - 4 potions of mutation {!q}
 q - a potion of flight
 s - a potion of cancellation
 v - 2 potions of resistance
 C - 3 potions of magic
 D - 2 potions of heal wounds


   Skills:
 + Level 4.1 Staves
 - Level 1.7 Dodging
 - Level 1.7 Stealth
 * Level 6.0 Spellcasting
 * Level 6.3 Conjurations
 - Level 3.0 Translocations
 * Level 5.6 Fire Magic
 + Level 1.2 Earth Magic
 + Level 4.1 Evocations


You had 2 spell levels left.
You knew the following spells:

 Your Spells              Type           Power      Damage    Failure   Level
a - Stone Arrow           Conj/Erth      40%        3d9       7%          3
b - Scorch                Fire           80%        2d9       1%          2
c - Kindle Blastsparks    Fire/Tloc/Air  50%        2d14      11%         3
d - Flame Wave            Conj/Fire      42%        2d11      10%         4
e - Foxfire               Conj/Fire      100%       2x1d9     1%          1
f - Fireball              Conj/Fire      21%        3d10      26%         5

Your spell library contained the following spells:

 Spells                   Type           Power      Damage    Failure   Level
 Kiss of Death            Conj/Necr      68%        2d10      3%          1
 Sandblast                Erth           20%        2d7       7%          1
 Freeze                   Ice            20%        1d4       11%         1
 Passwall                 Tmut/Erth      6%         N/A       13%         2
 Gell's Gravitas          Tloc           17%        N/A       10%         3
 Hailstorm                Conj/Ice       17%        3d6       10%         3
 Lesser Beckoning         Tloc           34%        N/A       10%         3
 Teleport Other           Tloc           17%        N/A       10%         3
 Inner Flame              Hex/Fire       24%        N/A       11%         3
 Frozen Ramparts          Ice            10%        1d2       32%         3
 Ozocubu's Armour         Ice            5%         N/A       32%         3
 Starburst                Conj/Fire      21%        6d7       83%         6
 Yara's Violent Unravell  Hex/Tmut       2%         3d3       97%         5
 Enfeeble                 Hex            2%         N/A       100%        7
 Ozocubu's Refrigeration  Ice            2%         4d8       100%        7


Dungeon Overview and Level Annotations

Branches:
Dungeon (7/15)             Temple (1/1) D:5

Altars:
Ashenzari
Cheibriados
Dithmenos
Elyvilon
Fedhas
Gozag
Hepliaklqana
Kikubaaqudgha
Makhleb
Nemelex Xobeh
Okawaru
Qazlal
Ru
Trog
Uskayaw
Vehumet
Wu Jian
Xom
Yredelemnul
Zin
The Shining One

Shops:
D:2 [


Innate Abilities, Weirdness & Mutations

Your dull iron-grey scales are very hard. (AC +12)
You are amphibious.
You cannot fit into any form of body armour.
You are cold-blooded and may be slowed by cold attacks.


Message History

The curare-tipped dart hits the kobold brigand.
The kobold brigand is poisoned.
The kobold brigand convulses.
The kobold brigand dies!
You hear a shout!
You feel a surge of power!
Flames lash the kobold.
You kill the kobold!
Vehumet accepts your kill.
You feel sick.
You can't see any susceptible monsters within range! (Use Z to cast anyway.)
You can't see any susceptible monsters within range! (Use Z to cast anyway.)
You can't see any susceptible monsters within range! (Use Z to cast anyway.)
You feel sick.
You feel sick.
e - a curare-tipped dart
Things that are here:
a +0 short sword; a +0 dagger; a kobold corpse You feel sick.
You are no longer poisoned.
You can't see any susceptible monsters within range! (Use Z to cast anyway.) 2 two-headed ogres, 2 kobolds and a vampire come into view.
A kobold is wielding a +0 whip and quivering poisoned darts.
Found four items.
The two-headed ogre shouts in stereo!
A centaur comes into view.
The vampire mumbles some strange words.
The vampire flickers and vanishes!
Deactivating autopickup; reactivate with Ctrl-A.
A kobold comes into view. It is wielding a +0 club.
The kobold moves out of view.
The centaur shouts!
Things that are here:
a +0 short sword; a +0 dagger; a kobold corpse
As you read the scroll labelled TULAUL HIPAPT, it crumbles to dust.
You feel strangely unstable.
It was a scroll of teleportation.
The two-headed ogre hits you with a +0 giant club!
The two-headed ogre hits you with a +0 giant spiked club!
* * * LOW HITPOINT WARNING * * *
The two-headed ogre attacks as you move away!
The two-headed ogre hits you with a +0 giant club!!
You die...

)..........8. (#.
##.#.#.#.#. [ c.(
#.#.....#.# O )K
##.###.###..(#.K.
....##.# (..#{ ##....#
#(O. #.#### ###(8(####.#
#.###### #..###O?...#
#......#.#.#.#@######
###..###.#.#.##.##
.....#.....#.##.#
)###.#.#.# #.##.#######.#
.###.....###.##.........#
..........##.#####.######
.............# #.#
######.##.########.#
#^##..........#


You could see a two-headed ogre.

Vanquished Creatures
  A troll (D:6)
  3 water moccasins
  A sky beast (D:7)
  A black bear (D:6)
  An ice beast (D:5)
  2 ogres
  A phantom (D:5)
  A kobold brigand (D:6)
  3 scorpions
  2 bullfrogs (D:6)
  4 wights
  3 killer bees (D:7)
  2 hounds (D:6)
  2 jellies (D:6)
  An orc priest (D:5)
  3 iguanas
  Natasha (thrice) (D:3)
  An orc wizard (D:5)
  Robin (D:2)
  3 gnolls (D:6)
  8 adders
  2 shadow imps (D:5)
  A white imp (D:6)
  An ufetubus (D:5)
  3 worms
  15 orcs
  5 ball pythons (D:1)
  5 bats
  7 endoplasms
  4 giant cockroaches
  9 hobgoblins
  4 jackals (D:1)
  3 quokkas
  2 frilled lizards
  15 goblins
  8 kobolds
  4 rats
  A spectral orc (D:3)
136 creatures vanquished.

Vanquished Creatures (others)
  A kobold brigand (D:7)
  5 plants
6 creatures vanquished.

Grand Total: 142 creatures vanquished

Notes
Turn   | Place    | Note
-------+----------+-------------------------------------------
     0 | D:1      | mopl the Draconian Fire Elementalist began the quest for
                  | the Orb.
     0 | D:1      | Reached XP level 1. HP: 14/14 MP: 3/3
   225 | D:1      | Reached XP level 2. HP: 10/20 MP: 5/5
   286 | D:1      | Learned a level 2 spell: Scorch
   908 | D:1      | Found a faded altar of an unknown god.
  1073 | D:2      | Reached XP level 3. HP: 24/26 MP: 1/6
  1082 | D:2      | Reached skill level 2 in Conjurations
  1082 | D:2      | Reached skill level 1 in Evocations
  1086 | D:2      | Learned a level 3 spell: Kindle Blastsparks
  1228 | D:2      | Reached skill level 1 in Staves
  1587 | D:2      | Found Duireen's Armour Shoppe.
  1614 | D:2      | Noticed Robin
  1628 | D:3      | Reached XP level 4. HP: 14/33 MP: 3/8
  1857 | D:2      | Killed Robin
  2382 | D:3      | Found a basalt altar of Yredelemnul.
  2435 | D:3      | Noticed Natasha
  2440 | D:3      | Reached skill level 3 in Spellcasting
  2440 | D:3      | Killed Natasha
  2525 | D:3      | Noticed Natasha
  2561 | D:3      | Killed Natasha
  2562 | D:3      | Reached skill level 1 in Translocations
  2562 | D:3      | Reached XP level 5. HP: 38/38 MP: 4/9
  3074 | D:3      | Noticed Natasha
  3078 | D:3      | Killed Natasha
  3079 | D:3      | Reached skill level 3 in Conjurations
  3289 | D:4      | Reached skill level 2 in Evocations
  3406 | D:4      | Reached XP level 6. HP: 45/45 MP: 6/11
  3932 | D:5      | Entered Level 5 of the Dungeon
  4155 | D:5      | Reached skill level 2 in Staves
  4297 | D:5      | Found a staircase to the Ecumenical Temple.
  4302 | Temple   | Entered the Ecumenical Temple
  4357 | Temple   | Became a worshipper of Vehumet
  4528 | D:5      | Reached skill level 4 in Spellcasting
  4528 | D:5      | Reached skill level 2 in Translocations
  4641 | D:5      | Noticed an ice beast
  4716 | D:5      | Killed an ice beast
  4717 | D:5      | Reached skill level 4 in Conjurations
  4717 | D:5      | Your scales start taking on a dull iron-grey colour.
  4717 | D:5      | Reached XP level 7. HP: 50/50 MP: 8/13
  5185 | D:6      | Reached skill level 3 in Evocations
  5278 | D:6      | Reached skill level 3 in Staves
  5372 | D:6      | Reached XP level 8. HP: 53/57 MP: 8/15
  5427 | D:6      | Noticed a troll
  5436 | D:6      | Killed a troll
  5437 | D:6      | Reached skill level 5 in Spellcasting
  5437 | D:6      | Reached skill level 5 in Conjurations
  5437 | D:6      | Reached skill level 3 in Translocations
  5437 | D:6      | Reached skill level 4 in Fire Magic
  5535 | D:6      | Learned a level 3 spell: Stone Arrow
  5540 | D:6      | Learned a level 4 spell: Flame Wave
  5988 | D:6      | Reached skill level 5 in Fire Magic
  6035 | D:6      | Reached * piety under Vehumet
  6035 | D:6      | Offered knowledge of Kiss of Death by Vehumet.
  6183 | D:6      | Reached skill level 6 in Conjurations
  6195 | D:6      | Learned a level 5 spell: Fireball
  6219 | D:7      | Reached skill level 4 in Evocations
  6219 | D:7      | Reached XP level 9. HP: 58/62 MP: 5/17
  6428 | D:7      | Reached skill level 4 in Staves
  6428 | D:7      | Reached skill level 1 in Earth Magic
  6568 | D:7      | Reached skill level 6 in Spellcasting
  6772 | D:7      | Noticed a two-headed ogre
  6772 | D:7      | Noticed a two-headed ogre
  6772 | D:7      | Found the +6 shillelagh "Devastator" {shatter}
  6775 | D:7      | Mangled by a two-headed ogre

Illustrated notes

Levels and vault maps discovered:
D:1:      dpeg_arrival_arbitrary_c, layout_basic, serial_forest,
          infiniplex_forest_diagonal, infiniplex_forest_clump_medium,
          infiniplex_forest_end_2, infiniplex_forest_clump_long,
          infiniplex_forest_fountain, infiniplex_forest_straight_5,
          infiniplex_forest_zigzag_1, dilly_ecumenical_altar_fadedgnrine
D:2:      layout_basic, serial_shops, nicolae_shop_hallway_stairs,
          guppyfry_early_lair_pool, uniq_robin
D:3:      layout_rooms, yredelemnul_forgotten_temple_becter,
          kennysheep_generic_room_2, uniq_natasha
D:4:      layout_basic
D:5:      layout_basic, minmay_temple_entry_proselytizer
D:6:      layout_loops_ring, kennysheep_generic_room_10
D:7:      layout_loops_ring, dilly_guarded_unrand_devastator
Temple:   nicolae_temple_bog_church

Skill      XL: |  1  2  3  4  5  6  7  8  9 |
---------------+----------------------------+-----
Conjurations   | 2 3 4 6 |  6.3
Evocations     | 1 2 3 4 |  4.1
Staves         | 1 2 3 4 |  4.1
Spellcasting   | 3 4 5 6 |  6.0
Translocations | 1 2 3 |  3.0
Fire Magic     | 5 |  5.6
Earth Magic    | 1 |  1.2
Dodging        | |  1.7
Stealth        | |  1.7

Action                   |  1- 3 |  4- 6 |  7- 9 || total
-------------------------+-------+-------+-------++-------
Melee: Staff             |   120 |    73 |    32 ||   225
       Tailslap          |    12 |    19 |     7 ||    38
       Dagger            |       |    14 |       ||    14
       Punch             |       |       |     1 ||     1
 Cast: Scorch            |    17 |    75 |    91 ||   183
  Use: Scroll            |       |     6 |     2 ||     8
 Stab: Sleeping          |     3 |     1 |       ||     4
Armor: Skin              |    66 |    34 |    36 ||   136
Dodge: Dodged            |   123 |    50 |    56 ||   229
Block: Other             |       |       |    15 ||    15
       Reflection        |       |       |     1 ||     1

Table legend: (Time is in decaauts)
 A = Elapsed time spent in this place.
 B = Non-inter-level travel time spent in this place.
 C = Inter-level travel time spent in this place.
 D = Time resting spent in this place.
 E = Time spent auto-exploring this place.
 F = Levels seen in this place.
 G = Mean time per level.
                   A        B        C        D        E       F      G
               +--------+--------+--------+--------+--------+-----+--------+
         Total |   6815 |   6510 |    305 |   1353 |   4058 |   8 |  851.9 |
       Dungeon |   6741 |   6454 |    287 |   1353 |   4022 |   7 |  963.0 |
        Temple |     74 |     57 |     17 |      0 |     36 |   1 |   74.0 |
               +--------+--------+--------+--------+--------+-----+--------+

Top non-repeatable levels by time:
     D:5: 1368 daAuts
     D:1: 1055 daAuts
     D:2: 1049 daAuts
     D:3: 1030 daAuts
     D:6: 845 daAuts
     D:4: 828 daAuts
     D:7: 564 daAuts
  Temple: 74 daAuts
